 Dungeon Crawl Stone Soup version 0.32-a0-886-g41c5271027 (webtiles) character file.

Game seed: 10327480038778498914

9 Autsider the Magician (level 2, -2/24 HPs)
             Began as an Oni Hedge Wizard on Apr 2, 2024.
             Slain by a jackal (3 damage)
             ... on level 1 of the Dungeon.
             The game lasted 00:02:17 (414 turns).

Autsider the Magician (Oni Hedge Wizard)             Turns: 414, Time: 00:02:17

Health: -2/24      AC:  1    Str: 13    XL:     2   Next: 12%
Magic:  0/6        EV:  8    Int: 15    God:
Gold:   28         SH:  0    Dex:  8    Spells: 6/8 levels left

rFire   . . .        a - +0 club
rCold   . . .        (no shield)
rNeg    . . .        (body armour restricted)
rPois   .            c - +0 hat
rElec   .            (no cloak)
rCorr   .            (gloves unavailable)
SInv    .            (boots unavailable)
Will    .....        (no amulet)
Stlth   +            (no ring)
HPRegen 0.24/turn    (no ring)
MPRegen 0.10/turn

%: no passive effects
@: no status effects
A: large, unfitting armour, horns 1, tough skin 1, double potion healing,
drunken brawling
a: no special abilities


You were on level 1 of the Dungeon.
You visited 1 branch of the dungeon, and saw 1 of its levels.

You collected 28 gold pieces.

Inventory:

Hand Weapons
 a - a +0 club (weapon)
Missiles
 f - a throwing net
Armour
 c - a +0 hat (worn)


   Skills:
 - Level 1.7 Dodging
 - Level 1.4 Stealth
 + Level 3.7 Spellcasting
 * Level 1.3 Conjurations
 + Level 1.1 Summonings
 + Level 1.1 Translocations


You had 6 spell levels left.
You knew the following spells:

 Your Spells              Type           Power      Damage    Failure   Level
a - Magic Dart            Conj           24%        1d4       11%         1
b - Foxfire               Conj/Fire      16%        2x1d4     14%         1

Your spell library contained the following spells:

 Spells                   Type           Power      Damage    Failure   Level
 Kiss of Death            Conj/Necr      16%        2d6       14%         1
 Slow                     Hex            8%         N/A       19%         1
 Blink                    Tloc           12%        N/A       19%         2
 Call Imp                 Summ           12%        N/A       19%         2
 Cigotuvi's Dreadful Rot  Necr/Alch/Air  4%         N/A       28%         2
 Mephitic Cloud           Conj/Alch/Air  4%         N/A       43%         3
 Confusing Touch          Hex            2%         N/A       50%         3
 Dispel Undead            Necr           2%         3d7       88%         4
 Plasma Beam              Fire/Air       1%         2x1d11    100%        6
 Starburst                Conj/Fire      2%         6d3       100%        6


Dungeon Overview and Level Annotations

Branches:
Dungeon (1/15)

Altars:


Innate Abilities, Weirdness & Mutations

You are too large for most types of armour.
You have a pair of small horns on your head.
You have tough skin. (AC +1)
You gain doubled healing and magic from potions.
Whenever you drink a healing potion, you attack all around you.


Message History

* * * LOW HITPOINT WARNING * * *
Casting: Magic Dart (safe; 11% risk of failure)
Confirm with . or Enter, or press ? or * to list all spells.
Aiming: Magic Dart (safe; 11% risk of failure)
Press: ? - help, Shift-Dir - straight line, f/p - jackal
Aim: a jackal (moderately wounded, 100% to hit)
The magic dart hits the jackal but does no damage.
The jackal is moderately wounded.
The jackal barely misses you. x2
Casting: Magic Dart (safe; 11% risk of failure)
Confirm with . or Enter, or press ? or * to list all spells.
You don't have enough magic to cast this spell.
Unknown command.
As you read the scroll labelled ELANUTAETO, it crumbles to dust.
You hear a loud clanging noise!
It was a scroll of noise.
The jackal bites you.
* * * LOW HITPOINT WARNING * * *
You barely miss the jackal.
The jackal is moderately wounded.
The jackal bites you.
* * * LOW HITPOINT WARNING * * *
The jackal bites you.
* * * LOW HITPOINT WARNING * * *
You hit the jackal but do no damage.
The jackal is moderately wounded.
The jackal barely misses you. The jackal bites you.
* * * LOW HITPOINT WARNING * * *
You closely miss the jackal.
The jackal is moderately wounded.
The jackal bites you.
* * * LOW HITPOINT WARNING * * *
Casting: Magic Dart (safe; 11% risk of failure)
Confirm with . or Enter, or press ? or * to list all spells.
Aiming: Magic Dart (safe; 11% risk of failure)
Press: ? - help, Shift-Dir - straight line, f/p - jackal
Aim: a jackal (moderately wounded, 100% to hit)
The magic dart hits the jackal.
The jackal is severely wounded.
The jackal bites you.
You die...

#.....##.....##.
##.....##.....#.#
#............#.##
#....#....#......
#.............###
##..............##
#hJ....####.....>.
#h###.......###.##
#@# #######...#.##
#..# .##.....
##... #. #....
#### ## .#.#.
#..... ###...


You could see an endoplasm and 2 jackals.

Vanquished Creatures
  An endoplasm (D:1)
  A jackal (D:1)
  2 kobolds (D:1)
  A quokka (D:1)
  A ball python (D:1)
  A bat (D:1)
  2 frilled lizards (D:1)
9 creatures vanquished.

Vanquished Creatures (others)
  9 foxfires (D:1)
9 creatures vanquished.

Grand Total: 18 creatures vanquished

Notes
Turn   | Place    | Note
-------+----------+-------------------------------------------
     0 | D:1      | Autsider the Oni Hedge Wizard began the quest for the Orb.
     0 | D:1      | Reached XP level 1. HP: 16/16 MP: 5/5
    14 | D:1      | Reached skill level 1 in Conjurations
    91 | D:1      | Reached skill level 1 in Summonings
    91 | D:1      | Reached skill level 1 in Translocations
   286 | D:1      | Learned a level 1 spell: Foxfire
   388 | D:1      | Reached XP level 2. HP: 13/24 MP: 0/6
   396 | D:1      | HP: 1/24 [jackal (1)]
   413 | D:1      | HP: 1/24 [jackal (2)]
   414 | D:1      | Slain by a jackal

Illustrated notes

Levels and vault maps discovered:
D:1:      wander_arrival_fairy_ring, layout_loops_cross, reono_crystal_passage,
          skrybe_limestone_x, nrook_loot_triangle

Skill      XL: |  1 |
---------------+----+-----
Conjurations   | 1 |  1.3
Summonings     | 1 |  1.1
Translocations | 1 |  1.1
Dodging        | |  1.7
Stealth        | |  1.4
Spellcasting   | |  3.7

Action                     || total
---------------------------++-------
  Melee: Club              ||     3
   Cast: Magic Dart        ||    19
         Foxfire           ||     8
    Use: Potion            ||     2
         Scroll            ||     1
 Armour: Skin              ||    32
  Dodge: Dodged            ||    11

Table legend: (Time is in decaauts)
 A = Elapsed time spent in this place.
 B = Non-inter-level travel time spent in this place.
 C = Inter-level travel time spent in this place.
 D = Time resting spent in this place.
 E = Time spent auto-exploring this place.
 F = Levels seen in this place.
 G = Mean time per level.
                   A        B        C        D        E       F      G
               +--------+--------+--------+--------+--------+-----+--------+
         Total |    414 |    414 |      0 |      0 |    328 |   1 |  414.0 |
       Dungeon |    414 |    414 |      0 |      0 |    328 |   1 |  414.0 |
               +--------+--------+--------+--------+--------+-----+--------+

Top non-repeatable levels by time:
     D:1: 414 daAuts
